 Dungeon Crawl Stone Soup version 0.22.1-1-ga44c0e5 (webtiles) character file.

17153 Fang the Blocker (level 12, -1/75 HPs)
             Began as a Gargoyle Berserker on Oct 5, 2018.
             Was an Elder of Trog.
             Slain by a 19-headed hydra (8 damage)
             ... on level 2 of the Lair of Beasts.
             The game lasted 00:18:14 (13247 turns).

Fang the Blocker (Gargoyle Berserker)              Turns: 13247, Time: 00:18:15

Health: -1/75      AC: 29    Str: 27    XL:     12   Next: 45%
Magic:  21/21      EV:  7    Int: 12    God:    Trog [****..]
Gold:   682        SH: 26    Dex: 15    Spells: 11/11 levels left

rFire    + . .     SeeInvis +   a - +2 hand axe (chop)
rCold    . . .     Gourm    +   g - +6 large shield "Yqa Engu" {rF+ Int+3 Dex+4 SInv}
rNeg     + . .     Faith    .   q - +5 plate armour {MR+}
rPois    ∞         Spirit   .   B - +2 hat {MR+}
rElec    +         Reflect  .   (no cloak)
rCorr    .         Harm     .   (no gloves)
MR       ++++.                  (no boots)
Stlth    ..........             b - amulet of the gourmand
HPRegen  0.22/turn              E - ring of stealth
MPRegen  0.17/turn              D - ring of Incredulity {rElec MR+ MP+9 Str+2 Stlth-}

@: berserk cooldown, slowed, very slow
A: agile 1, magic resistance 1, negative energy resistance 1, electricity
resistance, unbreathing, petrification resistance, rot immunity, AC +8
a: Berserk, Trog's Hand, Brothers in Arms, Renounce Religion


You were on level 2 of the Lair of Beasts.
You worshipped Trog.
Trog was greatly pleased with you.
You were very full.

You visited 2 branches of the dungeon, and saw 12 of its levels.

You collected 682 gold pieces.

Inventory:

Hand Weapons
 a - a +2 hand axe of chopping (weapon)
Armour
 g - the +6 large shield "Yqa Engu" (worn) {rF+ Int+3 Dex+4 SInv}
   (You found it on level 6 of the Dungeon)

   It affects your intelligence (+3).
   It affects your dexterity (+4).
   It protects you from fire.
   It lets you see invisible.
 q - a +5 plate armour of magic resistance (worn)
 B - a +2 hat of magic resistance (worn)
Jewellery
 b - an amulet of the gourmand (around neck)
 f - an uncursed ring of protection from cold
 D - the ring of Incredulity (right hand) {rElec MR+ MP+9 Str+2 Stlth-}
   (You found it on level 1 of the Lair of Beasts)

   [ring of magical power]

   It affects your strength (+2).
   It insulates you from electricity.
   It affects your resistance to hostile enchantments.
   It affects your magic capacity (+9).
   It makes you less stealthy.
 E - a ring of stealth (left hand)
Wands
 l - a wand of random effects (50)
 m - a wand of enslavement (10)
 u - a wand of flame (24)
 z - a wand of digging (17)
Scrolls
 d - 14 scrolls of remove curse
 i - 4 scrolls of magic mapping
 o - 4 scrolls of identify
 r - a scroll of blinking
 v - 2 scrolls of teleportation
 y - a scroll of fog
Potions
 e - 2 potions of agility
 h - a potion of haste
 j - 2 potions of invisibility
 k - a potion of berserk rage
 n - a potion of flight
 p - 2 potions of heal wounds
 s - 9 potions of curing
 t - a potion of lignification
 w - 2 potions of brilliance
 x - a potion of cancellation
 A - a potion of ambrosia
 F - a potion of magic
Comestibles
 c - 19 rations


   Skills:
 + Level 8.8 Fighting
 + Level 11.4 Axes
 + Level 8.2 Armour
 + Level 3.4 Dodging
 + Level 1.6 Stealth
 + Level 12.3 Shields


You had 11 spell levels left.
You didn't know any spells.
Your spell library was empty.

Dungeon Overview and Level Annotations

Branches:
Dungeon (11/15)            Temple (0/1) D:6            Lair (2/6) D:9
    Orc (0/2) D:11
  Swamp: Lair:2-4    Shoals: Lair:2-4     Snake: Lair:2-4    Spider: Lair:2-4

Altars:
Ashenzari
Fedhas
Hepliaklqana
Yredelemnul
The Shining One

Shops:
D:5 *   D:6 (


Innate Abilities, Weirdness & Mutations

You are resistant to torment.
Your stone body is resilient. (AC +8)
You are immune to poison.
You resist negative energy. (rN+)
You are resistant to electric shocks. (rElec)
You can survive without breathing.
You are immune to petrification.
You are immune to rotting.
You are agile. (Dex +2)
You are resistant to hostile enchantments. (MR+)


Message History

* * * LOW HITPOINT WARNING * * *
The 19-headed hydra bites you.
* * * LOW HITPOINT WARNING * * *
The 19-headed hydra bites you.
* * * LOW HITPOINT WARNING * * *
You block the 19-headed hydra's attack.
You are no longer berserk.
You are exhausted.
You feel yourself slow down.
You barely miss the 19-headed hydra.
The 19-headed hydra is almost dead.
You block the 19-headed hydra's attack. x3
The 19-headed hydra bites you but does no damage.
The 19-headed hydra barely misses you. The 19-headed hydra closely misses you.
The 19-headed hydra bites you but does no damage.
The 19-headed hydra bites you.
* * * LOW HITPOINT WARNING * * *
You block the 19-headed hydra's attack. The 19-headed hydra barely misses you.
The 19-headed hydra bites you!
You die...

........#
#.......####
#........P.###
#.............
#............
##......[.....
##.............
#<...?@D.......
#...............
.................P.
.................#..
..>..........####..#.
.............# ###
...........#.#
......$.....##


You could see a 19-headed hydra.

Vanquished Creatures
  3 two-headed ogres
  2 death yaks (D:9)
  The ghost of Burgerman5000 the Dealer of Despair, a novice DrNe of Kikubaaqudgha (D:10)
  2 unseen horrors (D:11)
  A manticore (D:11)
  A gargoyle (D:10)
  A black mamba (Lair:1)
  A spiny frog (Lair:1)
  A komodo dragon (Lair:1)
  A queen bee (D:10)
  3 blink frogs (Lair:1)
  A hippogriff (D:11)
  Sigmund (D:4)
  A wyvern (D:11)
  3 yaks (D:9)
  The ghost of DolittleGuy the Skirmisher, an amateur DsAK of Lugonu (D:3)
  2 hungry ghosts
  A water moccasin (Lair:1)
  3 orc warriors
  A sky beast (D:11)
  4 phantoms
  A black bear (D:9)
  A necrophage (D:9)
  2 ice beasts (D:6)
  3 ogres
  4 wolves (Lair:1)
  3 crocodiles (Lair:1)
  3 big kobolds
  4 bullfrogs
  A wyvern zombie (D:11)
  2 scorpions (D:5)
  39 killer bees (D:10)
  2 howler monkeys
  A centaur zombie (D:11)
  2 crimson imps
  A bullfrog zombie (D:5)
  A quasit (D:11)
  6 orc wizards
  Crazy Yiuf (D:3)
  6 hounds
  3 jellies
  A centaur skeleton (D:11)
  2 iguanas
  Ijyb (D:3)
  9 worker ants
  A hound skeleton (D:7)
  A worker ant zombie (D:10)
  A gnoll (D:1)
  9 adders
  2 shadow imps
  An ooze (D:2)
  An adder zombie (D:6)
  2 worms (D:2)
  4 leopard geckos
  22 orcs
  2 ball pythons (D:3)
  4 giant cockroaches
  8 goblins
  13 hobgoblins
  13 jackals
  5 quokkas
  7 bats
  5 frilled lizards
  2 jackal skeletons
  22 kobolds
  A quokka skeleton (D:4)
  3 rats (D:2)
263 creatures vanquished.

Vanquished Creatures (collateral kills)
  Gastronok (Lair:1)
  A hydra (Lair:1)
  A two-headed ogre (D:10)
  4 death yaks (D:9)
  A yak (D:9)
8 creatures vanquished.

Grand Total: 271 creatures vanquished

Notes
Turn   | Place    | Note
-------+----------+-------------------------------------------
     0 | D:1      | Fang the Gargoyle Berserker began the quest for the Orb.
     0 | D:1      | Reached XP level 1. HP: 14/14 MP: 1/1
   169 | D:1      | Reached XP level 2. HP: 14/19 MP: 2/2
  1064 | D:1      | Reached XP level 3. HP: 17/23 MP: 3/3
  1724 | D:2      | Reached XP level 4. HP: 16/29 MP: 4/4
  1750 | D:2      | Reached ** piety under Trog
  2032 | D:2      | Found a blossoming altar of Fedhas.
  2326 | D:2      | Found a basalt altar of Yredelemnul.
  2376 | D:2      | Found a hazy altar of Hepliaklqana.
  2706 | D:2      | Found a shattered altar of Ashenzari.
  3003 | D:3      | Found a runed gate.
  3003 | D:3      | Found a runed gate.
  3003 | D:3      | Found a runed gate.
  3003 | D:3      | Noticed DolittleGuy's ghost (amateur DsAK)
  3140 | D:3      | Noticed Ijyb
  3168 | D:3      | Killed Ijyb
  3168 | D:3      | Reached XP level 5. HP: 28/33 MP: 5/5
  3355 | D:3      | Found a runed door.
  3386 | D:3      | Found a glowing golden altar of the Shining One.
  3531 | D:3      | Killed DolittleGuy's ghost
  3531 | D:3      | Reached skill level 1 in Stealth
  3531 | D:3      | Reached XP level 6. HP: 39/39 MP: 6/6
  3640 | D:3      | Noticed Crazy Yiuf
  3646 | D:3      | Killed Crazy Yiuf
  3646 | D:3      | Reached skill level 5 in Axes
  3847 | D:4      | Reached *** piety under Trog
  3866 | D:4      | Noticed a phantom
  3884 | D:4      | Killed a phantom
  3884 | D:4      | Reached XP level 7. HP: 44/44 MP: 7/7
  3920 | D:4      | Reached skill level 5 in Fighting
  4239 | D:4      | Noticed Sigmund
  4269 | D:4      | Killed Sigmund
  5149 | D:5      | Entered Level 5 of the Dungeon
  5160 | D:5      | Reached XP level 8. HP: 42/49 MP: 8/8
  5536 | D:5      | Found Iphyhei's Elemental Accessories.
  6741 | D:6      | Found Unattint's Weapon Boutique.
  6757 | D:6      | Got a warped large shield
  6763 | D:6      | Identified the +6 large shield "Yqa Engu" {rF+ Int+3 Dex+4
                  | SInv} (You found it on level 6 of the Dungeon)
  6848 | D:6      | Found a staircase to the Ecumenical Temple.
  6934 | D:6      | Reached skill level 1 in Shields
  7157 | D:6      | Found a hazy altar of Hepliaklqana.
  7388 | D:7      | Reached skill level 2 in Shields
  7388 | D:7      | Reached XP level 9. HP: 45/55 MP: 9/9
  7449 | D:7      | Gained mutation: You are resistant to hostile enchantments.
                  | (MR+) [potion of mutation]
  7449 | D:7      | Gained mutation: You are agile. (Dex +2) [potion of
                  | mutation]
  7625 | D:7      | Reached **** piety under Trog
  7625 | D:7      | Reached skill level 5 in Armour
  7625 | D:7      | Reached skill level 3 in Shields
  7756 | D:7      | You fall through a shaft for 2 floors!
  7870 | D:9      | Noticed a two-headed ogre
  7890 | D:9      | Killed a two-headed ogre
  7890 | D:9      | Reached skill level 4 in Shields
  7904 | D:9      | You fall through a shaft for 2 floors!
  7925 | D:11     | Reached skill level 5 in Shields
  7946 | D:10     | Entered Level 10 of the Dungeon
  8154 | D:10     | Reached XP level 10. HP: 32/63 MP: 10/10
  8193 | D:10     | Reached skill level 6 in Shields
  8289 | D:10     | Noticed a two-headed ogre
  8310 | D:10     | Killed a two-headed ogre
  8310 | D:10     | Reached skill level 7 in Shields
  8407 | D:10     | Noticed a two-headed ogre
  8423 | D:10     | Killed a two-headed ogre
  8427 | D:10     | Noticed a two-headed ogre
  8439 | D:10     | Killed a two-headed ogre
  8439 | D:10     | Reached skill level 8 in Shields
  8936 | D:9      | Noticed a death yak
  8936 | D:9      | Noticed a death yak
  8937 | D:9      | Found a staircase to the Lair.
  8937 | D:9      | Noticed a death yak
  8937 | D:9      | Noticed a death yak
  8938 | D:9      | Noticed a death yak
  8941 | D:9      | Noticed a death yak
  8953 | D:9      | Killed a death yak
  8953 | D:9      | Reached skill level 10 in Axes
  8953 | D:9      | Reached skill level 9 in Shields
  8953 | D:9      | Reached XP level 11. HP: 67/67 MP: 11/11
  8957 | D:9      | Killed a death yak
  8967 | D:9      | Killed a death yak
  8984 | D:9      | Killed a death yak
  8999 | D:9      | Killed a death yak
  8999 | D:9      | Reached skill level 10 in Shields
  9006 | D:9      | Killed a death yak
 10308 | D:10     | Found a runed gate.
 10308 | D:10     | Found a runed gate.
 10308 | D:10     | Found a runed gate.
 10308 | D:10     | Noticed Burgerman5000's ghost (novice DrNe)
 10346 | D:10     | Killed Burgerman5000's ghost
 10804 | D:11     | Noticed an unseen horror
 10847 | D:11     | Killed an unseen horror
 10901 | D:11     | Reached skill level 11 in Shields
 10904 | D:11     | Found a staircase to the Orcish Mines.
 11050 | D:11     | Reached XP level 12. HP: 75/75 MP: 12/12
 12349 | Lair:1   | Entered Level 1 of the Lair of Beasts
 12677 | Lair:1   | Noticed Gastronok
 12679 | Lair:1   | Noticed a four-headed hydra
 12691 | Lair:1   | Killed Gastronok
 12691 | Lair:1   | Reached skill level 12 in Shields
 12693 | Lair:1   | Killed a five-headed hydra
 12917 | Lair:1   | Got a scorched bronze ring
 13120 | Lair:1   | Identified the ring of Incredulity {rElec MR+ MP+9 Str+2
                  | Stlth-} (You found it on level 1 of the Lair of Beasts)
 13222 | Lair:2   | Noticed a six-headed hydra
 13247 | Lair:2   | Slain by a 19-headed hydra

Skill      XL: |  1  2  3  4  5  6  7  8  9 10 11 12 |
---------------+-------------------------------------+-----
Axes           | 3 4 5 6 8 9 10 11 | 11.4
Fighting       | 4 5 6 7 8 |  8.8
Dodging        | 2 3 |  3.4
Stealth        | 1 |  1.6
Armour         | 3 4 6 7 8 |  8.2
Shields        | 2 5 9 11 12 | 12.3

Action                   |  1- 3 |  4- 6 |  7- 9 | 10-12 || total
-------------------------+-------+-------+-------+-------++-------
Melee: Hand axe          |   107 |   240 |   445 |   681 ||  1473
Invok: Berserk           |     1 |     4 |     3 |     7 ||    15
       Brothers in Arms  |       |       |       |     6 ||     6
  Use: Scroll            |       |       |    21 |    10 ||    31
       Potion            |       |       |     1 |       ||     1
 Stab: Sleeping          |     2 |       |       |       ||     2
  Eat: Chunk             |     3 |     8 |    24 |    30 ||    65
       Ration            |       |     1 |     2 |       ||     3
Armor: Animal skin       |    34 |    73 |       |       ||   107
       Plate armour      |       |    70 |   302 |   446 ||   818
Dodge: Dodged            |    61 |   171 |    90 |   156 ||   478
Block: Large shield      |       |       |   350 |  1010 ||  1360
